 Dungeon Crawl Stone Soup version 0.29-a0-542-g075992c915 (webtiles) character file.

Game seed: 10616860619976639159

94247 xSliceyx the Warrior (level 16, 0/132 HPs)
             Began as a Djinni Hedge Wizard on June 4, 2022.
             Was the Champion of Makhleb.
             Slain by a wolf spider (5 damage)
             ... on level 2 of the Spider Nest.
             The game lasted 03:39:10 (32777 turns).

xSliceyx the Warrior (Djinni Hedge Wizard)         Turns: 32777, Time: 03:39:11

Health: 0/132      AC: 17    Str: 12 (13) XL:     16   Next: 59%
Gold:   1728       EV: 19    Int: 21 (23) God:    Makhleb [******] SH:  0 Dex: 22

rFire   + + .      SeeInvis +   H - +9 flail "Woelita" {holy, Fragile Will++ Dex+4 SInv}
rCold   . . .      Faith    .   v - orb {*Rage}
rNeg    + . .      Spirit   .   N - +2 leather armour of Yqeos {rC+ Str+4 Dex+4}
rPois   ∞          Reflect  .   x - +2 helmet
rElec   .          Harm     .   c - +0 cloak "Ilal" {rN+}
rCorr   .          Rampage  .   a - +2 pair of gloves
Will    +++..      Rage     20% (boots unavailable)
Stlth   ++........              L - amulet of regeneration
HPRegen 1.12/turn               R - ring of wizardry
MPRegen 0.00/turn               e - +4 ring of protection

@: flying
A: sickness immunity, fire resistance 2, cold vulnerability 1, float, innate
caster, HP casting, extra vitality 1
a: Renounce Religion, Minor Destruction, Lesser Servant of Makhleb, Major
Destruction, Greater Servant of Makhleb


You were on level 2 of the Spider Nest.
You worshipped Makhleb.
Makhleb was exalted by your worship.
You visited 5 branches of the dungeon, and saw 24 of its levels.
You also visited: Ice Cave.

You collected 2206 gold pieces.
You spent 478 gold pieces at shops.

Inventory:

Hand Weapons
 w - the +7 arbalest of Tenacity {penet, Int+7}
   (You bought it in a shop on level 2 of the Orcish Mines)

   Any ammunition fired by it passes through the targets it hits, potentially
   hitting all targets in its path until it reaches maximum range.
   Int:       It affects your intelligence (+7).
 E - the +9 hand axe of Huneb {antimagic, Int+2}
   (You found it on level 6 of the Dungeon)

   It reduces the magical energy of the wielder, and disrupts the spells and
   magical abilities of those it strikes.
   Natural abilities and divine invocations are not affected.
   Int:       It affects your intelligence (+2).
 H - the +9 flail "Woelita" (weapon) {holy, Fragile Will++ Dex+4 SInv}
   (You found it on level 1 of the Spider Nest)

   It has been blessed by the Shining One to cause great damage to the undead
   and demons.
   Dex:       It affects your dexterity (+4).
   SInv:      It lets you see invisible.
   Fragile:   It will be destroyed if unequipped.
   Will:      It greatly increases your willpower.
Missiles
 h - 202 stones
 D - 48 poisoned darts
 J - 5 throwing nets
 K - 4 silver javelins
 T - 2 curare-tipped darts
Armour
 a - a +2 pair of gloves (worn)
 b - a +0 robe of resistance
 c - the +0 cloak "Ilal" (worn) {rN+}
   (You found it on level 2 of the Dungeon)

   rN:        It protects you from negative energy.
 v - an orb of wrath (worn)
 x - a +2 helmet (worn)
 N - the +2 leather armour of Yqeos (worn) {rC+ Str+4 Dex+4}
   (You found it on level 1 of the Lair of Beasts)

   Str:       It affects your strength (+4).
   Dex:       It affects your dexterity (+4).
   rC:        It protects you from cold.
Magical Staves
 y - a staff of fire
 S - a staff of conjuration
Jewellery
 e - a +4 ring of protection (right hand)
 L - an amulet of regeneration (around neck)
 R - a ring of wizardry (left hand)
Wands
 l - a wand of charming (6)
 q - a wand of iceblast (10)
 M - a wand of paralysis (5)
 Q - a wand of acid (6)
Scrolls
 d - 7 scrolls of identify
 f - 2 scrolls of teleportation
 g - a scroll of enchant armour
 j - 5 scrolls of immolation
 p - a scroll of poison
 s - 6 scrolls of fear
 t - a scroll of summoning
 u - a scroll of fog
 G - 2 scrolls of magic mapping
 I - a scroll of noise
 O - 2 scrolls of blinking
Potions
 k - 4 potions of haste
 m - 7 potions of heal wounds
 n - 3 potions of invisibility
 o - 4 potions of curing
 r - 4 potions of might
 z - a potion of resistance
 A - 3 potions of berserk rage
 B - 2 potions of ambrosia {unknown}
 C - 6 potions of brilliance
 F - 3 potions of lignification
 P - a potion of flight {unknown}
Miscellaneous
 i - a tin of tremorstones (1/2)


   Skills:
 - Level 17.7 Fighting
 - Level 4.0 Armour
 - Level 10.2 Dodging
 - Level 1.5 Stealth
 - Level 11.0 Spellcasting
 + Level 14.7 Invocations


You couldn't memorise any spells.
You knew the following spells:

 Your Spells              Type           Power      Damage    Failure   Level
a - Magic Dart            Conj           100%       1d8       1%          1
b - Blink                 Tloc           100%       N/A       1%          2
c - Call Imp              Summ           55%        N/A       1%          2
d - Slow                  Hex            100%       N/A       1%          1
e - Conjure Flame         Conj/Fire      55%        6-21      1%          3
f - Mephitic Cloud        Conj/Pois/Air  55%        N/A       1%          3
g - Sandblast             Erth           100%       2d20      1%          1
h - Passwall              Tmut/Erth      45%        N/A       1%          2
i - Gell's Gravitas       Tloc           55%        N/A       1%          3
j - Passage of Golubria   Tloc           55%        N/A       1%          4
k - Iskenderun's Battles  Conj           55%        2d11      1%          5
l - Yara's Violent Unrav  Hex/Tmut       27%        3d12      1%          5
m - Conjure Ball Lightni  Conj/Air       27%        3x3d8     4%          6
Your spell library was empty.

Dungeon Overview and Level Annotations

Branches:
Dungeon (12/15)            Temple (1/1) D:6            Lair (6/6) D:9
 Shoals (0/4) Lair:4       Spider (3/4) Lair:3        Slime (0/5) Lair:6
    Orc (2/2) D:11            Elf (0/3) Orc:2         IceCv (visited)

Altars:
Cheibriados
Dithmenos
Fedhas
Kikubaaqudgha
Makhleb
Nemelex Xobeh
Okawaru
Qazlal
Trog
Uskayaw
Vehumet
Wu Jian
Yredelemnul
The Shining One
Beogh
Jiyva

Shops:
D:5 (   Orc:2 ?((=

Annotations:
Lair:6 1 runed translucent door
Spider:2 2 transporters, Qewkuqau's ghost, adept OpCj
Spider:3 Roxanne


Innate Abilities, Weirdness & Mutations

You are immune to sickness and miasma.
You are immune to poison.
Your flesh is very heat resistant. (rF++)
You are vulnerable to cold. (rC-)
You float through the air rather than walking.
You learn spells naturally, not from books.
Your magical power is your life essence.
You have superior vitality. (+4 MHP)


Message History

Being near the torpor snail leaves you feeling lethargic.
You feel yourself speed up. The wolf spider closely misses you.
The wolf spider bites you. The wolf spider barely misses you.
The wolf spider closely misses you. The wolf spider hits you.
The wolf spider bites you but does no damage.
The wolf spider attacks as you move away!
The wolf spider completely misses you. The wolf spider closely misses you.
The meliai buzzes angrily.
The wolf spider completely misses you. The wolf spider misses you.
The wolf spider attacks as you move away!
The wolf spider hits you! The wolf spider barely misses you.
The meliai calls down the wrath of its god upon you.
Something smites you! The wolf spider completely misses you.
The wolf spider bites you but does no damage.
Casting: Blink (safe; 1% risk of failure)
Confirm with . or Enter, or press ? or * to list all spells.
Aiming: Passwall (safe; 1% risk of failure)
Press: ? - help, Dir - move target A rock wall.
The wolf spider barely misses you. The wolf spider closely misses you.
The wolf spider hits you!
* * * LOW HITPOINT WARNING * * *
The wolf spider barely misses you. The meliai closely misses you.
The meliai stings you.
* * * LOW HITPOINT WARNING * * *
You begin to meditate on the wall.
You continue meditating on the rock.
The wolf spider hits you.
* * * LOW HITPOINT WARNING * * *
The wolf spider completely misses you. The wolf spider barely misses you.
The wolf spider bites you!
* * * LOW HITPOINT WARNING * * *
The meliai mumbles some strange prayers to its god against you.
Something smites you!
* * * LOW HITPOINT WARNING * * *
The wolf spider misses you. The wolf spider closely misses you.
The meliai barely misses you.
The meliai stings you but does no damage.
The wolf spider hits you.
You die...

#...#....##.......###...######.##
#####.##..#..#..w##.#..##..#####
..# #######..#......#[......#
.#### ##..#####..>.####...###
.##.###.......#.#....#.....#
..#..#...#...####...####.###
..#......#.#...####.^# ###
.......#####..##syy.## .#...#..#
#..^.#@ss..# #########
############


You could see 2 wolf spiders, a redback and 2 meliai.

Vanquished Creatures
  Arachne (Spider:2)
  Rupert (Orc:2)
  Frances (Spider:2)
  2 ghost moths (Spider:2)
  Azrael (Orc:2)
  3 entropy weavers
  An ettin (Orc:2)
  4 boulder beetles
  Erolcha (Orc:2)
  2 ogre magi (Orc:2)
  Harold (Orc:1)
  4 hydras
  4 two-headed ogres
  A jorogumo (Spider:2)
  2 radroaches (Spider:2)
  Sonja (Lair:6)
  2 pharaoh ants
  2 sun moths
  A steelbarb worm (Spider:2)
  A lindwurm (Lair:6)
  An ugly thing (D:12)
  Pikel (D:4)
  12 wolf spiders
  11 orc sorcerers
  A cyclops (Orc:1)
  A moth of wrath (Spider:2)
  A guardian serpent (Lair:6)
  5 black mambas
  5 torpor snails
  2 ice statues (IceCv)
  2 demonic crawlers (Spider:2)
  A gargoyle (D:12)
  14 cane toads
  4 komodo dragons
  2 kobold demonologists (D:12)
  3 anaconda simulacra (IceCv)
  A rime drake (Lair:5)
  6 ice devils (IceCv)
  2 entropy weaver simulacra (IceCv)
  3 meliai (Spider:1)
  5 trolls
  2 polar bears
  8 hornets (Lair:6)
  15 blink frogs
  3 tyrant leeches (Lair:6)
  Grinder (D:3)
  15 tarantellas
  15 dream sheep
  A vampire (D:12)
  6 jumping spiders
  12 wyverns
  A shadow (D:12)
  68 yaks
  A wraith (D:12)
  Grum (D:8)
  2 basilisks
  4 culicivoras
  Eustachio (D:6)
  3 dire elephant simulacra (IceCv)
  2 fire elementals (Orc:2)
  A death yak simulacrum (IceCv)
  30 redbacks
  2 steam dragons (D:8)
  2 harpy simulacra (IceCv)
  Edmund (D:4)
  2 wargs
  27 water moccasins
  3 ice beasts
  3 hell hounds (Orc:2)
  11 orc warriors
  5 black bears
  10 ogres
  15 wolves
  14 centaurs
  A phantom (D:6)
  2 kobold brigands
  20 bullfrogs
  3 scorpions
  A two-headed ogre simulacrum (IceCv)
  A necrophage (D:4)
  3 gnoll sergeants
  4 wights (D:10)
  4 killer bees
  2 elephant simulacra (IceCv)
  3 howler monkeys
  6 hounds
  17 orc priests
  4 jellies
  3 iguanas
  Natasha (thrice) (D:3)
  45 orc wizards
  A troll simulacrum (IceCv)
  Robin (D:4)
  24 gnolls
  6 adders
  A shadow imp (D:6)
  A white imp (D:6)
  An ufetubus (IceCv)
  3 worms
  2 dart slugs
  79 orcs
  5 ball pythons
  9 bats
  7 endoplasms
  6 giant cockroaches
  22 goblins
  8 hobgoblins
  2 jackals (D:3)
  5 quokkas
  4 frilled lizards (D:1)
  12 kobolds
  6 rats
  A spectral hobgoblin (D:1)
734 creatures vanquished.

Vanquished Creatures (collateral kills)
  A reaper (IceCv)
  A redback (Spider:1)
  16 ball lightnings
18 creatures vanquished.

Vanquished Creatures (others)
  112 ball lightnings
  A bush (Lair:6)
  64 fungi
  103 plants
280 creatures vanquished.

Grand Total: 1032 creatures vanquished

Notes
Turn   | Place    | Note
-------+----------+-------------------------------------------
     0 | D:1      | xSliceyx the Djinni Hedge Wizard began the quest for the
                  | Orb.
     0 | D:1      | Reached XP level 1. HP: 15/15 MP: 0/0
   393 | D:1      | Found a faded altar of an unknown god.
   900 | D:1      | Reached XP level 2. HP: 21/21 MP: 0/0
  1493 | D:1      | Reached XP level 3. HP: 23/25 MP: 0/0
  1493 | D:1      | Learned a level 1 spell: Sandblast
  1971 | D:2      | Found a bloodstained altar of Trog.
  2038 | D:2      | Identified the +0 cloak "Ilal" {rN+}
  2595 | D:2      | Reached XP level 4. HP: 21/31 MP: 0/0
  2601 | D:2      | Reached XP level 5. HP: 22/35 MP: 0/0
  2601 | D:2      | Learned a level 2 spell: Passwall
  3335 | D:3      | Noticed Grinder
  3365 | D:3      | Paralysed by Grinder for 2 turns
  3371 | D:3      | Killed Grinder
  3372 | D:3      | Reached skill level 5 in Spellcasting
  3372 | D:3      | Reached XP level 6. HP: 10/40 MP: 0/0
  3405 | D:3      | Noticed Natasha
  3638 | D:3      | Killed Natasha
  4105 | D:3      | Noticed Natasha
  4110 | D:3      | Killed Natasha
  4111 | D:3      | Reached XP level 7. HP: 32/45 MP: 0/0
  4111 | D:3      | Learned a level 3 spell: Gell's Gravitas
  4412 | D:3      | Noticed Natasha
  4416 | D:3      | Killed Natasha
  4906 | D:4      | Reached skill level 1 in Fighting
  4906 | D:4      | Noticed Robin
  4911 | D:4      | Killed Robin
  5370 | D:4      | Reached skill level 2 in Fighting
  5509 | D:4      | Noticed Pikel
  5521 | D:4      | Killed Pikel
  5522 | D:4      | Reached skill level 5 in Fighting
  5522 | D:4      | Reached XP level 8. HP: 47/61 MP: 0/0
  5589 | D:4      | Reached skill level 6 in Fighting
  5812 | D:4      | Noticed Edmund
  5822 | D:4      | Killed Edmund
  6015 | D:5      | Entered Level 5 of the Dungeon
  6122 | D:5      | Found Kuahass's Antique Weapon Boutique.
  6176 | D:5      | Reached skill level 7 in Fighting
  6453 | D:5      | Reached XP level 9. HP: 67/68 MP: 0/0
  6453 | D:5      | Learned a level 4 spell: Passage of Golubria
  6976 | D:6      | Found a staircase to the Ecumenical Temple.
  7185 | Temple   | Entered the Ecumenical Temple
  7227 | Temple   | Became a worshipper of Makhleb the Destroyer
  7277 | D:6      | Reached skill level 8 in Fighting
  7337 | D:6      | Identified the +9 hand axe of Huneb {antimagic, Int+2}
  7416 | D:6      | Noticed Eustachio
  7427 | D:6      | Killed Eustachio
  7545 | D:6      | Reached skill level 9 in Fighting
  8317 | D:6      | Reached * piety under Makhleb
  8398 | D:6      | Reached skill level 5 in Dodging
  8944 | D:7      | Identified the +6 scale mail of Distant Worlds {Harm rC-
                  | Will+ Stlth+}
  9209 | D:7      | Reached XP level 10. HP: 70/78 MP: 0/0
 10108 | D:8      | Reached ** piety under Makhleb
 10240 | D:8      | Noticed Grum
 10254 | D:8      | Killed Grum
 10255 | D:8      | Reached skill level 10 in Dodging
 11728 | D:9      | Found a stormy altar of Qazlal.
 11729 | D:9      | Found an iron altar of Okawaru.
 11729 | D:9      | Found a shadowy altar of Dithmenos.
 11730 | D:9      | Found a glowing golden altar of the Shining One.
 11871 | D:9      | Reached XP level 11. HP: 49/84 MP: 0/0
 11871 | D:9      | Learned a level 5 spell: Iskenderun's Battlesphere
 12153 | D:9      | Noticed a two-headed ogre
 12163 | D:9      | Killed a two-headed ogre
 12233 | D:9      | Found a staircase to the Lair.
 12548 | D:10     | Entered Level 10 of the Dungeon
 12725 | D:10     | Reached *** piety under Makhleb
 13201 | D:11     | Noticed a boulder beetle
 13207 | D:11     | Noticed a four-headed hydra
 13375 | D:10     | Killed a boulder beetle
 13443 | D:10     | Reached skill level 10 in Spellcasting
 13529 | D:11     | Noticed a two-headed ogre
 13530 | D:11     | Killed a four-headed hydra
 13531 | D:11     | Reached XP level 12. HP: 78/89 MP: 0/0
 13536 | D:11     | Killed a two-headed ogre
 13578 | D:11     | Reached skill level 5 in Invocations
 13580 | D:11     | Found a staircase to the Orcish Mines.
 14101 | D:11     | Noticed a two-headed ogre
 14122 | D:11     | Killed a two-headed ogre
 14122 | D:11     | Reached **** piety under Makhleb
 14253 | D:12     | Noticed a five-headed hydra
 14265 | D:12     | Killed a five-headed hydra
 14808 | D:12     | Noticed a sixfirhy
 15576 | Lair:1   | Entered Level 1 of the Lair of Beasts
 15586 | Lair:1   | Reached skill level 10 in Fighting
 15683 | Lair:1   | Reached skill level 11 in Fighting
 15692 | Lair:1   | Reached XP level 13. HP: 86/99 MP: 0/0
 15692 | Lair:1   | Learned a level 5 spell: Yara's Violent Unravelling
 15945 | Lair:1   | Identified the +2 leather armour of Yqeos {rC+ Str+4 Dex+4}
 16182 | Lair:1   | Reached skill level 1 in Armour
 16806 | Lair:2   | Noticed a five-headed hydra
 16816 | Lair:2   | Killed a five-headed hydra
 16929 | Lair:2   | Noticed a boulder beetle
 16940 | Lair:2   | Reached skill level 12 in Fighting
 17565 | Lair:2   | Identified the +8 scythe of Perversion {flame, rF+++ rCorr
                  | Dex+4}
 17622 | Lair:2   | Killed a boulder beetle
 17838 | Lair:2   | Reached ***** piety under Makhleb
 17841 | Lair:2   | Reached skill level 13 in Fighting
 18209 | Lair:3   | Found a hole to the Spider Nest.
 18779 | Lair:4   | Identified the +6 chain mail of Dozxuoc {Str+3}
 18911 | Lair:4   | Found a staircase to the Shoals.
 19997 | Lair:5   | Reached XP level 14. HP: 103/110 MP: 0/0
 20864 | Lair:6   | Entered Level 6 of the Lair of Beasts
 20887 | Lair:6   | Found a viscous altar of Jiyva.
 20887 | Lair:6   | Found a staircase to the Slime Pits.
 20911 | Lair:6   | Reached skill level 14 in Fighting
 21124 | Lair:6   | Reached skill level 15 in Fighting
 21171 | Lair:6   | Noticed Sonja
 21199 | Lair:6   | Killed Sonja
 21647 | Lair:6   | Reached ****** piety under Makhleb
 21904 | Lair:6   | Found a runed translucent door.
 22094 | Lair:6   | Reached skill level 16 in Fighting
 23283 | Lair:6   | Reached XP level 15. HP: 109/123 MP: 0/0
 23283 | Lair:6   | Learned a level 6 spell: Conjure Ball Lightning
 23631 | Orc:1    | Entered Level 1 of the Orcish Mines
 23660 | Orc:1    | Reached skill level 17 in Fighting
 23808 | Orc:2    | Entered Level 2 of the Orcish Mines
 23827 | Orc:2    | Found a staircase to the Elven Halls.
 23840 | Orc:2    | Noticed Rupert
 23876 | Orc:2    | Killed Rupert
 23927 | Orc:2    | Noticed Azrael
 23957 | Orc:2    | Killed Azrael
 23996 | Orc:2    | Found a frozen archway.
 24013 | IceCv    | Entered an ice cave
 25043 | IceCv    | Noticed a reaper
 25059 | IceCv    | Killed a reaper
 25765 | Orc:2    | Gained mutation: Your mind is acute. (Int +2) [a neqoxec]
 25768 | Orc:2    | Lost mutation: Your mind is acute. (Int +2) [a neqoxec]
 25804 | Orc:2    | Found Gomenn's Jewellery Shoppe.
 25829 | Orc:2    | Reached skill level 10 in Invocations
 25906 | Orc:2    | Paralysed by an orc sorcerer for 5 turns
 25951 | Orc:2    | Found Ottutos's Antique Weapon Emporium.
 25973 | Orc:2    | Paralysed by an ogre mage for 5 turns
 26012 | Orc:2    | Found Asuf's Antique Weapon Emporium.
 26029 | Orc:2    | Found Oggen's Magic Scroll Shoppe.
 26056 | Orc:2    | Bought a scroll of teleportation for 42 gold pieces
 26056 | Orc:2    | Bought a scroll of summoning for 133 gold pieces
 26056 | Orc:2    | Bought a scroll of fog for 28 gold pieces
 26072 | Orc:2    | Noticed Erolcha
 26080 | Orc:2    | Killed Erolcha
 26244 | Orc:2    | Bought a fine arbalest for 275 gold pieces
 26244 | Orc:2    | Identified the +7 arbalest of Tenacity {penet, Int+7} (You
                  | bought it in a shop on level 2 of the Orcish Mines)
 26448 | Orc:1    | Noticed Harold
 26610 | Orc:1    | Paralysed by an orc sorcerer for 3 turns
 27091 | Orc:1    | Killed Harold
 27536 | Spider:1 | Entered Level 1 of the Spider Nest
 27572 | Spider:1 | Identified the +9 flail "Woelita" {holy, Fragile Will++
                  | Dex+4 SInv}
 28954 | Spider:2 | Reached XP level 16. HP: 124/132 MP: 0/0
 29159 | Spider:2 | Noticed Arachne
 29194 | Spider:2 | Killed Arachne
 29891 | Spider:2 | Noticed Qewkuqau's ghost (adept OpCj)
 29891 | Spider:2 | Noticed an emperor scorpion
 29892 | Spider:2 | Found a transporter.
 29941 | Spider:2 | Noticed Frances
 30019 | Spider:2 | Found a transporter.
 30058 | Spider:2 | Killed Frances
 31494 | Spider:3 | Noticed Roxanne
 32777 | Spider:2 | HP: 5/132 [meliai/divine providence (15)]
 32777 | Spider:2 | Slain by a wolf spider

Illustrated notes

Levels and vault maps discovered:
D:1:      nzn_arrival_water_spiral, layout_basic,
          dreamdust_ecumenical_altar_drowned_temple, minmay_misc_feat_tower,
          minmay_misc_feat_square
D:2:      cheibrodos_pilgrimage, layout_loops_corners, serial_forest,
          infiniplex_forest_end_3, infiniplex_forest_lined_corner,
          infiniplex_forest_lined_4_way, infiniplex_forest_clump_cross,
          infiniplex_forest_lined_corner, infiniplex_forest_lined_room_3,
          infiniplex_forest_end_double, basic_altar
D:3:      layout_loops_ring, chequers_arboretum, uniq_grinder, uniq_natasha
D:4:      layout_cave_pools, uniq_edmund, uniq_pikel, uniq_robin
D:5:      layout_cave_pools, serial_shops, shop, minmay_door_square,
          serial_bayou_lagoon_a
D:6:      layout_loops_ring, minmay_temple_entry_sparse_star, roderic_batcave,
          minmay_small_thing, uniq_eustachio
D:7:      layout_basic
D:8:      layout_basic, uniq_grum
D:9:      layout_stronghold, chequers_temple_overflow_statue_of_worship,
          due_lair_maze_entry_diamond
D:10:     layout_big_octagon
D:11:     layout_gridville, erik_orc_4
D:12:     layout_loops_cross
Temple:   hc_temple_tempest_star
Lair:1:   layout_regular_city, grunt_megastairs_3
Lair:2:   layout_misc_corridors, chequers_serial_rivers_micro_e,
          minmay_shattered_shrine, grunt_megastairs_1
Lair:3:   layout_regular_city, spider_nest_entry_a, st_stairs_4
Lair:4:   layout_roguey, shoals_dummy_entry, infiniplex_staircase_pool_2
Lair:5:   layout_layer_cave
Lair:6:   wormcave, layout_regular_city, hangedman_lair_tendril_chambers,
          dpeg_slime_entry_enclosed_altar, minmay_hedge_maze, uniq_sonja
Spider:1: layout_cave_pods
Spider:2: layout_spider_delve, gammafunk_ghost_berserking_beasts, uniq_frances,
          uniq_arachne
Spider:3: gammafunk_boulding_lane, ebering_ghost_rock_garden,
          hangedman_spider_mandibles, nicolae_spider_cling_halls, uniq_roxanne
Orc:1:    layout_diamond_mine, uniq_harold
Orc:2:    kennysheep_orc_mage_school, layout_diamond_mine,
          portal_ice_cave_entry_pillars_1, nicolae_orc_lava_room, uniq_erolcha,
          uniq_azrael, uniq_rupert

Skill      XL: |  1  2  3  4  5  6  7  8  9 10 11 12 13 14 15 16 |
---------------+-------------------------------------------------+-----
Spellcasting   | 3 4 5 6 7 10 11 | 11.0
Fighting       | 5 7 9 11 13 16 17 | 17.7
Dodging        | 7 10 | 10.2
Invocations    | 3 8 12 14 | 14.7
Armour         | 4 |  4.0
Stealth        | |  1.5

Action                   |  1- 3 |  4- 6 |  7- 9 | 10-12 | 13-15 | 16-18 || total
-------------------------+-------+-------+-------+-------+-------+-------++-------
Melee: Dagger            |     1 |       |       |       |       |       ||     1
       Mace              |       |       |     1 |       |       |       ||     1
       Hand axe          |       |       |       |     3 |       |       ||     3
       Scythe            |       |       |       |       |    28 |       ||    28
       Spear             |       |       |       |       |    11 |       ||    11
       Staff             |       |       |       |       |    17 |       ||    17
       Flail             |       |       |       |       |       |    11 ||    11
 Cast: Magic Dart        |    76 |    50 |   213 |   324 |   704 |   227 ||  1594
       Sandblast         |     6 |    20 |    78 |   116 |   177 |    16 ||   413
       Slow              |       |     3 |    12 |    21 |    44 |    15 ||    95
       Call Imp          |       |     4 |     3 |     3 |     1 |       ||    11
       Blink             |       |     2 |       |     4 |    24 |    25 ||    55
       Gell's Gravitas   |       |       |     5 |    34 |   116 |    17 ||   172
       Mephitic Cloud    |       |       |     6 |    16 |    10 |     9 ||    41
       Conjure Flame     |       |       |    13 |    13 |    21 |     6 ||    53
       Passage of Golubr |       |       |     5 |     3 |    32 |    13 ||    53
       Passwall          |       |       |     1 |     1 |       |     6 ||     8
       Iskenderun's Batt |       |       |       |    40 |   109 |    51 ||   200
       Conjure Ball Ligh |       |       |       |       |    42 |    14 ||    56
Invok: Lesser Servant of |       |       |       |       |     3 |       ||     3
Evoke: Wand              |       |       |       |     1 |       |     1 ||     2
       Tin of tremorston |       |       |       |       |       |     2 ||     2
  Use: Scroll            |       |       |     1 |    12 |    22 |     8 ||    43
       Potion            |       |       |       |       |     4 |     4 ||     8
Armor: Robe              |     1 |     1 |    12 |    15 |     3 |       ||    32
       Leather armour    |       |       |       |       |   175 |   168 ||   343
Dodge: Dodged            |    18 |     2 |    23 |   101 |   508 |   431 ||  1083

Table legend: (Time is in decaauts)
 A = Elapsed time spent in this place.
 B = Non-inter-level travel time spent in this place.
 C = Inter-level travel time spent in this place.
 D = Time resting spent in this place.
 E = Time spent auto-exploring this place.
 F = Levels seen in this place.
 G = Mean time per level.
                   A        B        C        D        E       F      G
               +--------+--------+--------+--------+--------+-----+--------+
         Total |  32972 |  29044 |   3928 |   8840 |  13957 |  25 | 1318.9 |
       Dungeon |  15786 |  14716 |   1070 |   4502 |   8044 |  12 | 1315.5 |
        Temple |     69 |     37 |     32 |      0 |     29 |   1 |   69.0 |
          Lair |   8538 |   7487 |   1051 |   1836 |   3874 |   6 | 1423.0 |
   Spider Nest |   4919 |   3557 |   1362 |   1303 |   1271 |   3 | 1639.7 |
  Orcish Mines |   2376 |   1965 |    411 |    594 |    733 |   2 | 1188.0 |
      Ice Cave |   1280 |   1280 |      0 |    604 |      6 |   1 | 1280.0 |
               +--------+--------+--------+--------+--------+-----+--------+

Top non-repeatable levels by time:
Spider:2: 3408 daAuts
  Lair:6: 2418 daAuts
     D:1: 1866 daAuts
   Orc:2: 1775 daAuts
     D:8: 1754 daAuts
     D:6: 1717 daAuts
  Lair:5: 1514 daAuts
     D:2: 1467 daAuts
  Lair:2: 1464 daAuts
     D:3: 1445 daAuts
Spider:1: 1393 daAuts
    D:12: 1307 daAuts
   IceCv: 1280 daAuts
     D:4: 1240 daAuts
     D:9: 1205 daAuts
